 Dungeon Sprint DCSS version 0.26-a0-1132-ge9770dfcb6 (webtiles) character file.

Game seed: 5601237711329453306

3138 rocky1 the Thaumaturge (level 9, -19/48 HPs)
             Began as a Deep Elf Ice Elementalist on Dec 21, 2020.
             Was a High Priest of Sif Muna.
             Killed from afar by Azrael (25 damage)
             ... with damnation
             ... in the Dungeon (Sprint VII: "The Pits").
             The game lasted 00:13:46 (1523 turns).

rocky1 the Thaumaturge (Deep Elf Ice Elementalist)  Turns: 1523, Time: 00:13:47

Health: -19/48     AC: 18    Str:  5    XL:     9   Next: 61%
Magic:  22/28      EV: 20    Int: 24    God:    Sif Muna [*****.]
Gold:   0          SH:  0    Dex: 18    Spells: 17/34 levels left

rFire    . . .     SeeInvis .   m - +2 quarterstaff (speed)
rCold    . . .     Faith    .   (shield currently unavailable)
rNeg     . . .     Spirit   .   a - +0 robe
rPois    .         Reflect  .   s - +0 helmet
rElec    .         Harm     .   (no cloak)
rCorr    .         Rampage  .   r - +0 pair of gloves
Will     .....     NoTele   +   q - +0 pair of boots
Stlth    +++.......             (no amulet)
HPRegen  0.16/turn              b - +3 ring of dexterity
MPRegen  0.21/turn              n - +3 ring of protection

@: icy armour (expiring), frozen ramparts
A: no striking features
a: Renounce Religion, Channel Magic, Forget Spell, Divine Exegesis


You were in the Dungeon.
You worshipped Sif Muna.
Sif Muna was extremely pleased with you.
You visited 1 branch

Inventory:

Hand Weapons
 m - a +2 quarterstaff of speed (weapon)
 t - the +2 halberd of Floods {flame, rN+ Int+2 Stlth+}
   (You found it in the Dungeon)

   It has been specially enchanted to burn those struck by it, causing extra
   injury to most foes and up to half again as much damage against particularly
   susceptible opponents.
   Big, fiery blades are also staple armaments of hydra-hunters.
   It affects your intelligence (+2).
   It protects you from negative energy.
   It makes you more stealthy.
 u - a +0 lajatang
Armour
 a - a +0 robe (worn)
 q - a +0 pair of boots (worn)
 r - a +0 pair of gloves (worn)
 s - a +0 helmet (worn)
Jewellery
 b - a +3 ring of dexterity (left hand)
 n - a +3 ring of protection (right hand)
Scrolls
 h - a scroll of blinking
 j - 3 scrolls of remove curse
 k - 5 scrolls of amnesia
 l - a scroll of summoning
Potions
 c - 9 potions of curing
 d - 5 potions of heal wounds
 e - 2 potions of haste
 f - 4 potions of magic
 g - 3 potions of berserk rage
 i - 2 potions of invisibility
 o - a potion of brilliance
 p - a potion of mutation


   Skills:
 - Level 2.1 Fighting
 - Level 2.5 Staves
 - Level 2.3 Armour
 - Level 10.0 Dodging
 - Level 4.5 Stealth
 + Level 13.0 Spellcasting
 + Level 8.2 Conjurations
 + Level 12.1 Ice Magic
 + Level 6.0 Air Magic
 + Level 10.9 Invocations


You had 17 spell levels left.
You knew the following spells:

 Your Spells              Type           Power        Failure   Level
a - Freeze                Ice            100%         1%          1
b - Frozen Ramparts       Ice            100%         1%          3
c - Ozocubu's Armour      Ice            65%          1%          3
d - Hailstorm             Conj/Ice       59%          1%          4
e - Freezing Cloud        Conj/Ice/Air   27%          16%         6

Your spell library contained the following spells:

 Spells                   Type           Power        Failure   Level
 Magic Dart               Conj           100%         1%          1
 Conjure Flame            Conj/Fire      35%          2%          3
 Ice Form                 Ice/Tmut       44%          3%          4
 Summon Ice Beast         Ice/Summ       44%          3%          4
 Iskenderun's Battlesphe  Conj           53%          3%          5
 Ozocubu's Refrigeration  Ice            32%          4%          6
 Fulminant Prism          Conj/Hex       17%          7%          4
 Metabolic Englaciation   Hex/Ice        22%          9%          5
 Conjure Ball Lightning   Conj/Air       24%          32%         6
 Simulacrum               Ice/Necr       22%          43%         6


Dungeon Overview and Level Annotations

Branches:
Dungeon (1/1)

Altars:
Ashenzari
Cheibriados
Dithmenos
Elyvilon
Fedhas
Gozag
Hepliaklqana
Kikubaaqudgha
Makhleb
Nemelex Xobeh
Okawaru
Qazlal
Ru
Sif Muna
Trog
Uskayaw
Vehumet
Wu Jian
Xom
Yredelemnul
Zin
The Shining One
Beogh
Jiyva
Lugonu

Annotations:
D Azrael


Message History

A film of ice covers your body!
A fire elemental comes into view.
Azrael gestures at you.
The bolt of fire hits the fire elemental.
The fire elemental completely resists.
The bolt of fire hits the hell hound.
The hell hound completely resists.
The bolt of fire hits you!!!
Ouch! That really hurt!
* * * LOW HITPOINT WARNING * * *
The heat melts your icy armour.
Casting: Ozocubu's Armour (safe; 1% risk of failure)
Confirm with . or Enter, or press ? or * to list all spells.
Casting: Frozen Ramparts (safe; 1% risk of failure)
Press: ? - help, Dir - look around, f - activate The walls around you are covered in ice.
The hell hound is frozen!
The wall freezes the hell hound!
The hell hound bites you but does no damage.
Azrael gestures at you.
The sphere of damnation explodes!
The damnation engulfs you!!
Ouch! That really hurt!
You die...

#####''######
...##''################
...##..#Y.............#
...##..##J.....†.......
...##..####m.w#+######.
...##..#..#####(## .#
...##..#....##...# E.#
...##..†.....#..h#H°.#
#####..'.....'..@hhE○+
#####..'.....#...#h☼.#
...##..#....##(..# .R#
..[##..#..#####.## °#
.))##..####Sis#+######.
.).##..##S.............
.).##..#S.............#
#######################


You could see Azrael, a minotaur, 2 fire elementals and 4 hell hounds.

Vanquished Creatures
  A death yak (D)
  A bog body (D)
  A deep elf mage (D)
  A manticore (D)
  A cyclops (D)
  A warg (D)
  An acid dragon (D)
  A floating eye (D)
  A sky beast (D)
  A water moccasin (D)
  A phantom (D)
  2 centaurs (D)
  A gnoll sergeant (D)
  A scorpion (D)
  A hell rat (D)
  A mummy (D)
  3 gnolls (D)
  A river rat (D)
  An ooze (D)
  A leopard gecko (D)
  2 orcs (D)
  A hobgoblin (D)
  A quokka (D)
  A bat (D)
  A frilled lizard (D)
  A kobold (D)
  A leopard gecko skeleton (D)
31 creatures vanquished.

Notes
Turn   | Place    | Note
-------+----------+-------------------------------------------
     0 | D        | rocky1 the Deep Elf Ice Elementalist began the quest for
                  | the Orb.
     0 | D        | Reached XP level 1. HP: 10/10 MP: 6/6
    15 | D        | Reached skill level 5 in Ice Magic
    43 | D        | Found a bloodstained altar of Trog.
    43 | D        | Found a shimmering blue altar of Sif Muna.
    43 | D        | Found a viscous altar of Jiyva.
    43 | D        | Found a hazy altar of Hepliaklqana.
    43 | D        | Found an opulent altar of Gozag.
    44 | D        | Found a glowing golden altar of the Shining One.
    44 | D        | Found a glowing silver altar of Zin.
    44 | D        | Found a basalt altar of Yredelemnul.
    44 | D        | Found a shimmering altar of Xom.
    44 | D        | Found an ornate altar of the Wu Jian Council.
    44 | D        | Found a sacrificial altar of Ru.
    44 | D        | Found a stormy altar of Qazlal.
    44 | D        | Found an iron altar of Okawaru.
    44 | D        | Found a sparkling altar of Nemelex Xobeh.
    44 | D        | Found a burning altar of Makhleb.
    44 | D        | Found a blossoming altar of Fedhas.
    44 | D        | Found a white marble altar of Elyvilon.
    44 | D        | Found a shadowy altar of Dithmenos.
    44 | D        | Found a snail-covered altar of Cheibriados.
    46 | D        | Found a radiant altar of Vehumet.
    46 | D        | Found a corrupted altar of Lugonu.
    46 | D        | Found a roughly hewn altar of Beogh.
    47 | D        | Found a hide-covered altar of Uskayaw.
    47 | D        | Found an ancient bone altar of Kikubaaqudgha.
    47 | D        | Found a broken altar of Ashenzari.
    49 | D        | Became a worshipper of Sif Muna the Loreminder
    60 | D        | Noticed a floating eye
    71 | D        | Killed a floating eye
    72 | D        | Reached skill level 4 in Spellcasting
    72 | D        | Reached XP level 2. HP: 13/17 MP: 3/9
    72 | D        | Reached XP level 3. HP: 17/21 MP: 3/11
    72 | D        | Reached XP level 4. HP: 21/26 MP: 3/12
    76 | D        | Learned a level 3 spell: Frozen Ramparts
    80 | D        | Learned a level 3 spell: Ozocubu's Armour
   146 | D        | Reached * piety under Sif Muna
   198 | D        | Noticed a centaur
   222 | D        | Reached ** piety under Sif Muna
   223 | D        | Reached skill level 5 in Spellcasting
   224 | D        | Killed a centaur
   225 | D        | Reached skill level 5 in Dodging
   225 | D        | Reached skill level 6 in Spellcasting
   225 | D        | Reached XP level 5. HP: 24/30 MP: 6/16
   321 | D        | Noticed a phantom
   547 | D        | Killed a phantom
   547 | D        | Reached *** piety under Sif Muna
   548 | D        | Reached skill level 7 in Spellcasting
   548 | D        | Reached skill level 5 in Invocations
   548 | D        | Reached XP level 6. HP: 33/35 MP: 11/18
   627 | D        | Reached skill level 8 in Spellcasting
   704 | D        | Noticed a water moccasin
   705 | D        | Reached **** piety under Sif Muna
   709 | D        | Killed a water moccasin
   710 | D        | Reached skill level 9 in Spellcasting
   710 | D        | Reached XP level 7. HP: 40/40 MP: 13/21
   762 | D        | Learned a level 4 spell: Hailstorm
   775 | D        | Noticed a death yak
   783 | D        | Killed a death yak
   783 | D        | Reached ***** piety under Sif Muna
   783 | D        | Received a gift from Sif Muna
   784 | D        | Reached skill level 10 in Dodging
   784 | D        | Reached skill level 10 in Spellcasting
   784 | D        | Reached skill level 10 in Ice Magic
   784 | D        | Reached XP level 8. HP: 37/44 MP: 9/24
   792 | D        | Learned a level 6 spell: Freezing Cloud
   794 | D        | Noticed a deep elf mage
   797 | D        | Killed a deep elf mage
   798 | D        | Reached skill level 11 in Spellcasting
   798 | D        | Reached skill level 5 in Conjurations
   933 | D        | Noticed a manticore
   950 | D        | Killed a manticore
   951 | D        | Reached skill level 12 in Spellcasting
   951 | D        | Reached skill level 10 in Invocations
   951 | D        | Reached XP level 9. HP: 24/48 MP: 9/27
  1140 | D        | Got the +2 halberd of Floods {flame, rN+ Int+2 Stlth+}
  1239 | D        | Noticed a bog body
  1248 | D        | Killed a bog body
  1249 | D        | Reached skill level 5 in Air Magic
  1344 | D        | Noticed a death yak
  1345 | D        | Noticed a merfolk siren
  1345 | D        | Noticed a cyclops
  1345 | D        | Noticed a tyrant leech
  1353 | D        | Killed a cyclops
  1353 | D        | Identified Sif Muna's Tome of Attacks (Sif Muna gifted it
                  | to you in the Dungeon)
  1353 | D        | Received a gift from Sif Muna
  1354 | D        | Reached skill level 13 in Spellcasting
  1512 | D        | Noticed a guardian serpent
  1513 | D        | Noticed a black mamba
  1513 | D        | Noticed a demonic crawler
  1521 | D        | Noticed a minotaur
  1521 | D        | Noticed Azrael
  1523 | D        | Killed from afar by Azrael

Illustrated notes

Levels and vault maps discovered:
D:        pitsprint [storerooms_1, entrance_room_1, metal_vault_1, armoury_2,
          mini_pit_1, grid_room_1, main_hall_1, silver_pit, the_coven_2,
          the_vestibule_1, steel_vault_3, golden_pit, hallway_of_sentries,
          crystal_vault_6, iron_vault_4, final_vault]

Skill      XL: |  1  2  3  4  5  6  7  8  9 |
---------------+----------------------------+-----
Ice Magic      | 6 7 8 9 10 11 12 | 12.1
Fighting       | 2 |  2.1
Staves         | 2 |  2.5
Armour         | 2 |  2.3
Dodging        | 4 5 6 8 10 | 10.0
Stealth        | 4 |  4.5
Spellcasting   | 4 6 7 9 10 12 13 | 13.0
Invocations    | 2 4 5 7 8 10 | 10.9
Conjurations   | 4 7 8 |  8.2
Air Magic      | 4 6 |  6.0

Action                   |  1- 3 |  4- 6 |  7- 9 || total
-------------------------+-------+-------+-------++-------
Melee: Quarterstaff      |     2 |    17 |    11 ||    30
       Unarmed           |     1 |       |       ||     1
 Cast: Freeze            |     4 |     4 |     8 ||    16
       Frozen Ramparts   |       |     6 |     8 ||    14
       Ozocubu's Armour  |       |     6 |     6 ||    12
       Hailstorm         |       |       |     7 ||     7
  Use: Potion            |       |     1 |     3 ||     4
Armor: Robe              |       |    11 |     2 ||    13
Dodge: Dodged            |     1 |    18 |    17 ||    36

Table legend: (Time is in decaauts)
 A = Elapsed time spent in this place.
 B = Non-inter-level travel time spent in this place.
 C = Inter-level travel time spent in this place.
 D = Time resting spent in this place.
 E = Time spent auto-exploring this place.
 F = Levels seen in this place.
 G = Mean time per level.
                   A        B        C        D        E       F      G
               +--------+--------+--------+--------+--------+-----+--------+
         Total |   1531 |   1531 |      0 |    994 |      0 |   1 | 1531.0 |
       Dungeon |   1531 |   1531 |      0 |    994 |      0 |   1 | 1531.0 |
               +--------+--------+--------+--------+--------+-----+--------+

Top non-repeatable levels by time:
       D: 1531 daAuts
